 Dungeon Sprint DCSS version 0.23.2-33-g5129a83184 (webtiles) character file.

Game seed: 17268356653785606460

30 Joat the Chiller (level 3, 0/28 HPs)
             Began as a Naga Ice Elementalist on July 6, 2019.
             Was an Initiate of Cheibriados.
             Slain by a troll (3 damage)
             ... in the Dungeon (Sprint IX: "|||||||||||||||||||||||||||||").
             The game lasted 00:04:10 (518 turns).

Joat the Chiller (Naga Ice Elementalist)             Turns: 518, Time: 00:04:11

Health: 0/28       AC: 12    Str: 14    XL:     3   Next: 20%
Magic:  0/6        EV: 10    Int: 17    God:    Cheibriados [......]
Gold:   0          SH:  0    Dex: 12    Spells: 0/6 levels left

rFire    . . .     SeeInvis +   o - +2 halberd (venom)
rCold    . . .     Gourm    .   (shield currently unavailable)
rNeg     . . .     Faith    .   a - +0 robe
rPois    +         Spirit   .   (no helmet)
rElec    .         Reflect  .   q - +0 cloak
rCorr    .         Harm     .   p - +0 pair of gloves
MR       .....     NoTele   +   (no barding)
Stlth    ++........             (no amulet)
HPRegen  0.09/turn              t - +2 ring of protection
MPRegen  0.10/turn              s - +3 ring of strength

@: icy armour, short of breath, very slow
A: large, see invisible, deformed body, poison resistance, slowness 2, slow
metabolism 1, spit poison 1, AC +1
a: Spit Poison, Bend Time, Renounce Religion


You were in the Dungeon.
You worshipped Cheibriados.
Cheibriados was noncommittal.
You were not hungry.

You visited 1 branch

Inventory:

Hand Weapons
 j - a +0 club
 o - a +2 halberd of venom (weapon)
Armour
 a - a +0 robe (worn)
 p - a +0 pair of gloves (worn)
 q - a +0 cloak (worn)
 r - a +1 chain mail
Magical Staves
 n - an uncursed staff of energy
Jewellery
 s - a +3 ring of strength (right hand)
 t - a +2 ring of protection (left hand)
Wands
 m - a wand of acid (10)
Scrolls
 i - 2 scrolls of blinking
 k - 3 scrolls of remove curse
 l - 2 scrolls of amnesia
Potions
 b - a potion of invisibility
 d - 5 potions of curing
 e - 3 potions of heal wounds
 f - a potion of haste
 g - 4 potions of magic
 h - a potion of berserk rage
Comestibles
 c - a ration


   Skills:
 - Level 1.5 Dodging
 - Level 3.0 Stealth
 + Level 2.0 Spellcasting
 + Level 1.0 Conjurations
 + Level 0.0 Charms
 + Level 6.8 Ice Magic


You couldn't memorise any spells.
You knew the following spells:

 Your Spells              Type           Power        Failure   Level  Hunger
a - Freeze                Ice            ####         1%          1    #......
q - Ozocubu's Armour      Chrm/Ice       ##......     14%         3    ###....
z - Throw Frost           Conj/Ice       ###...       6%          2    ###....

Your spell library contained the following spells:

 Spells                   Type           Power        Failure   Level  Hunger
 Throw Icicle             Conj/Ice       ###.....     36%         4    #####..
 Summon Ice Beast         Ice/Summ       ##......     43%         4    #####..


Dungeon Overview and Level Annotations

Branches:
Dungeon (1/1)

Altars:
Cheibriados
Dithmenos
Elyvilon
Fedhas
Gozag
Hepliaklqana
Kikubaaqudgha
Makhleb
Nemelex Xobeh
Okawaru
Qazlal
Ru
Sif Muna
Trog
Uskayaw
Vehumet
Wu Jian
Xom
Yredelemnul
Zin
The Shining One
Beogh
Jiyva
Lugonu


Innate Abilities, Weirdness & Mutations

You cannot wear boots.
Your serpentine skin is tough. (AC +1)
You have supernaturally acute eyesight. (SInv)
Armour fits poorly on your strangely shaped body.
Your system is resistant to poisons. (rPois)
You cover ground very slowly.
You have a slow metabolism.
You can spit poison.


Message History

The troll bites you! The troll claws you! The troll barely misses you.
Casting: Freeze (safe; 1% risk of failure)
Confirm with . or Enter, or press ? or * to list all spells.
Aiming: Freeze (safe; 1% risk of failure)
Press: ? - help, Shift-Dir - straight line, f/p - troll
Aim: a troll (lightly wounded, poisoned)
You freeze the troll.
The troll is moderately wounded.
The troll bites you!
* * * LOW HITPOINT WARNING * * *
The troll claws you but does no damage. x2
Casting: Freeze (safe; 1% risk of failure)
Confirm with . or Enter, or press ? or * to list all spells.
Aiming: Freeze (safe; 1% risk of failure)
Press: ? - help, Shift-Dir - straight line, f/p - troll
Aim: a troll (moderately wounded, poisoned)
You freeze the troll.
The troll is moderately wounded.
The troll looks more healthy.
The troll barely misses you. The troll claws you.
You die...

▓.▓
▓.▓
▓.▓
▓)▓
▓.▓
▓.▓
▓.▓
▓.▓
▓@▓
▓T▓
▓S▓
▓h▓
▓o▓
▓Z▓
▓.▓
▓g▓


You could see a troll, a hound, a gnoll (sleeping), an adder, an orc and a
quokka zombie.

Vanquished Creatures
  A gnoll (D)
  An adder (D)
  A leopard gecko (D)
  An orc (D)
  A ball python (D)
  A goblin (D)
  A hobgoblin (D)
  A bat (D)
  2 frilled lizards (D)
10 creatures vanquished.

Vanquished Creatures (others)
  A spatial maelstrom (D)
1 creature vanquished.

Grand Total: 11 creatures vanquished

Notes
Turn   | Place    | Note
-------+----------+-------------------------------------------
     0 | D        | Joat the Naga Ice Elementalist began the quest for the Orb.
     0 | D        | Reached XP level 1. HP: 15/15 MP: 3/3
     9 | D        | Banished a spatial maelstrom
    11 | D        | Reached skill level 4 in Ice Magic
   160 | D        | Reached XP level 2. HP: 4/22 MP: 5/5
   162 | D        | Reached skill level 5 in Ice Magic
   163 | D        | Reached skill level 6 in Ice Magic
   166 | D        | Reached XP level 3. HP: 2/28 MP: 0/6
   440 | D        | Found a roughly hewn altar of Beogh.
   440 | D        | Found a snail-covered altar of Cheibriados.
   440 | D        | Found a shadowy altar of Dithmenos.
   440 | D        | Found a white marble altar of Elyvilon.
   440 | D        | Found a blossoming altar of Fedhas.
   440 | D        | Found an opulent altar of Gozag.
   441 | D        | Found a hazy altar of Hepliaklqana.
   442 | D        | Found a viscous altar of Jiyva.
   443 | D        | Found an ancient bone altar of Kikubaaqudgha.
   444 | D        | Became a worshipper of Cheibriados the Contemplative
   445 | D        | Found a corrupted altar of Lugonu.
   446 | D        | Found a burning altar of Makhleb.
   447 | D        | Found a sparkling altar of Nemelex Xobeh.
   448 | D        | Found an iron altar of Okawaru.
   449 | D        | Found a stormy altar of Qazlal.
   450 | D        | Found a sacrificial altar of Ru.
   451 | D        | Found a deep blue altar of Sif Muna.
   452 | D        | Found a bloodstained altar of Trog.
   453 | D        | Found a hide-covered altar of Uskayaw.
   454 | D        | Found a radiant altar of Vehumet.
   455 | D        | Found an ornate altar of the Wu Jian Council.
   456 | D        | Found a shimmering altar of Xom.
   457 | D        | Found a basalt altar of Yredelemnul.
   458 | D        | Found a glowing silver altar of Zin.
   459 | D        | Found a glowing golden altar of the Shining One.
   465 | D        | Learned a level 2 spell: Throw Frost
   469 | D        | Learned a level 3 spell: Ozocubu's Armour
   514 | D        | Noticed a troll
   518 | D        | Slain by a troll

Skill      XL: |  1  2 |
---------------+-------+-----
Ice Magic      | 4 6 |  6.8
Dodging        | |  1.5
Stealth        | |  3.0
Spellcasting   | |  2.0
Conjurations   | |  1.0

Action                   || total
-------------------------++-------
Melee: Unarmed           ||    19
 Cast: Freeze            ||    11
       Ozocubu's Armour  ||     1
 Abil: Spit Poison       ||     7
Armor: Robe              ||     9
Dodge: Dodged            ||    18
